 Dungeon Crawl Stone Soup version 0.23-a0-446-g036aa52 (webtiles) character file.

511 RoseArtemis the Sneak (level 6, -1/28 HPs)
             Began as a Spriggan Enchanter on Nov 18, 2018.
             Was an Initiate of Gozag.
             Killed from afar by an oklob sapling (14 damage)
             ... with a splash of acid
             ... on level 4 of the Dungeon.
             The game lasted 00:15:36 (6155 turns).

RoseArtemis the Sneak (Spriggan Enchanter)          Turns: 6155, Time: 00:15:36

Health: -1/28      AC:  4    Str: 10    XL:     6   Next: 99%
Magic:  13/14      EV: 19    Int: 18    God:    Gozag
Gold:   326        SH:  0    Dex: 21    Spells: 9/15 levels left

rFire    + . .     SeeInvis +   a - +0 dagger (speed)
rCold    . . .     Gourm    .   (shield restricted)
rNeg     . . .     Faith    .   t - +1 robe of Etias {*Contam rPois rF+ Str+6}
rPois    +         Spirit   .   (helmet restricted)
rElec    .         Reflect  .   l - +0 cloak
rCorr    .         Harm     .   (gloves unavailable)
MR       +....                  (boots unavailable)
Stlth    ++++......             (no amulet)
HPRegen  0.09/turn              j - +4 ring of dexterity
MPRegen  0.14/turn              (no ring)

@: very quick
A: very small, unfitting armour, see invisible, herbivore, speed 3, slow
metabolism 2
a: Potion Petition, Call Merchant, Bribe Branch, Renounce Religion


You were on level 4 of the Dungeon.
You worshipped Gozag.
Gozag was aware of your devotion.
You were not hungry.

You visited 1 branch of the dungeon, and saw 4 of its levels.

You collected 503 gold pieces.
You spent 142 gold pieces at shops.
You paid 35 gold pieces to Gozag.

Inventory:

Hand Weapons
 a - a +0 dagger of speed (weapon)
Armour
 b - a +0 robe
 l - a +0 cloak (worn)
 t - the +1 robe of Etias (worn) {*Contam rPois rF+ Str+6}
   (You bought it in a shop on level 4 of the Dungeon)

   It affects your strength (+6).
   It protects you from fire.
   It protects you from poison.
   It causes magical contamination when unequipped.
Jewellery
 j - a +4 ring of dexterity (left hand)
 r - an uncursed ring of flight {unknown}
 w - a cursed ring of attention {unknown}
Wands
 k - a wand of acid (8)
 o - a wand of flame (16)
Scrolls
 f - a scroll of immolation {unknown}
 g - a scroll of remove curse
 h - a scroll of fear {unknown}
 m - a scroll of enchant armour {unknown}
 q - 2 scrolls of teleportation
 s - a scroll of magic mapping {unknown}
 u - a scroll of enchant weapon {unknown}
 v - 3 scrolls of identify
Potions
 c - a potion of heal wounds {unknown}
 e - a potion of ambrosia
 i - a potion of flight
 n - a potion of degeneration {unknown}
 p - 2 potions of curing
Comestibles
 d - 2 rations


   Skills:
 + Level 3.8 Short Blades
 - Level 3.0 Dodging
 + Level 7.0 Stealth
 + Level 5.0 Spellcasting
 - Level 6.0 Hexes


You had 9 spell levels left.
You knew the following spells:

 Your Spells              Type           Power        Failure   Level  Hunger
a - Corona                Hex            ####...      1%          1    None
b - Ensorcelled Hibernat  Hex/Ice        ###...       6%          2    #......
c - Dazzling Spray        Conj/Hex       ###...       12%         3    ##.....

Your spell library contained the following spells:

 Spells                   Type           Power        Failure   Level  Hunger
 Confuse                  Hex            ####....     3%          3    ##.....
 Tukima's Dance           Hex            ####....     3%          3    ##.....


Dungeon Overview and Level Annotations

Branches:
Dungeon (4/15)             Temple (0/1) D:4

Altars:
Cheibriados
Gozag
Nemelex Xobeh
Sif Muna
Trog

Shops:
D:4 [

Annotations:
D:4 exclusion: oklob sapling


Innate Abilities, Weirdness & Mutations

You are very small and have problems with some larger weapons.
You are too small for most types of armour.
You have supernaturally acute eyesight. (SInv)
You are a herbivore.
You cover ground extremely quickly.
You need to consume almost no food.


Message History

You can't see any susceptible monsters within range! (Use Z to cast anyway.)
Aim: an oklob sapling (chance to defeat MR: 67%)
The oklob sapling is outlined in light.
You hit the oklob sapling but do no damage.
You hit the oklob sapling but do no damage.
You hit the oklob sapling. The oklob sapling spits acid at you.
The splash of acid hits you!
You are splashed with acid!
The acid burns!
* * * LOW HITPOINT WARNING * * *
You hit the oklob sapling but do no damage.
You hit the oklob sapling.
You hit the oklob sapling but do no damage.
You hit the oklob sapling but do no damage.
You hit the oklob sapling but do no damage.
You hit the oklob sapling but do no damage.
The oklob sapling spits acid at you. The splash of acid hits you!
Ouch! That really hurt!
You die...
Your body crumbles into a pile of gold.

#.#####..#..##.#.# #.#.#.#### #.#
#..#.(##.#.# ###.#.#<.... #.#
#..#.....#.## #.#.#.#.#### #.#
#..#.....#..## #.#.#.#.#... #.#
#..#.........###...#.#.##.#
#.#####..#.##..PP.P.##.###.#.##..
......#..#.##.PPPP..##.###.#.....
#..##.#..#.##P.PPPPP##.....#.####
##..#.#....##PPP@.P.##########
#..#....#.......PP..#
#P♣#.....#...PPPP...######
##.P###......P.P..P.......#
####..##.##.##..#########.#
♣###.. #.............# #.# ## P.#
#P♣####.########.# #.# #.
(.♣##♣..# #.########.# #.# #.
..P.##.P# #..........# #.# #.


You could see an oklob sapling.

Vanquished Creatures
  A big kobold (D:4)
  2 hounds (D:4)
  Natasha (thrice) (D:2)
  An iguana (D:4)
  3 worker ants (D:4)
  Robin (D:2)
  6 adders
  3 gnolls (D:4)
  An ooze (D:3)
  2 worms
  3 dart slugs
  4 leopard geckos
  3 orcs (D:4)
  3 giant cockroaches
  8 goblins
  8 hobgoblins
  11 jackals
  A ball python (D:1)
  5 bats
  5 frilled lizards
  A jackal skeleton (D:4)
  27 kobolds
  5 rats
  3 plants (D:4)
110 creatures vanquished.

Notes
Turn   | Place    | Note
-------+----------+-------------------------------------------
     0 | D:1      | RoseArtemis the Spriggan Enchanter began the quest for the
                  | Orb.
     0 | D:1      | Reached XP level 1. HP: 9/9 MP: 5/5
   359 | D:1      | Reached XP level 2. HP: 13/13 MP: 6/6
   364 | D:1      | Learned a level 2 spell: Ensorcelled Hibernation
  1517 | D:2      | Found a bloodstained altar of Trog.
  1517 | D:2      | Noticed Natasha
  1596 | D:2      | Reached XP level 3. HP: 16/16 MP: 5/8
  1624 | D:2      | Noticed Robin
  1626 | D:2      | Reached skill level 5 in Stealth
  1904 | D:2      | Killed Natasha
  1945 | D:2      | Noticed Natasha
  1952 | D:2      | Killed Natasha
  1952 | D:2      | Reached XP level 4. HP: 7/21 MP: 4/10
  2429 | D:2      | Killed Robin
  2429 | D:2      | Reached skill level 5 in Hexes
  2432 | D:2      | Found a faded altar of an unknown god.
  2618 | D:2      | Noticed Natasha
  2628 | D:2      | Killed Natasha
  2628 | D:2      | Reached XP level 5. HP: 7/24 MP: 4/11
  3014 | D:3      | Found a sparkling altar of Nemelex Xobeh.
  3353 | D:3      | Found an opulent altar of Gozag.
  3382 | D:3      | Became a worshipper of Gozag Ym Sagoz the Greedy
  3390 | D:3      | Found a deep blue altar of Sif Muna.
  3804 | D:4      | Learned a level 3 spell: Dazzling Spray
  3821 | D:4      | Found Iskitoko's Antique Armour Boutique.
  3834 | D:4      | Reached skill level 6 in Stealth
  3839 | D:4      | Bought a bloodstained robe for 142 gold pieces
  3866 | D:4      | Identified the cursed +1 robe of Etias {*Contam rPois rF+
                  | Str+6} (You bought it in a shop on level 4 of the Dungeon)
  3981 | D:4      | Reached XP level 6. HP: 28/28 MP: 10/13
  4401 | D:4      | Found a snail-covered altar of Cheibriados.
  4872 | D:4      | Reached skill level 7 in Stealth
  4999 | D:4      | Reached skill level 5 in Spellcasting
  5964 | D:4      | Found a staircase to the Ecumenical Temple.
  6155 | D:4      | Killed from afar by an oklob sapling

Vault maps used:
D:1:      giann_wishing_wells, roderic_lattice_a
D:2:      chequers_ecumenical_altar_twisty, trog_three_pillars_becter,
          uniq_natasha, uniq_robin
D:3:      nemelex_xobeh_ov_fountains_minmay, nicolae_overflow_crystal_walls,
          grunt_gozag_breadcrumbs, first_ration
D:4:      kennysheep_kobold_camp, lemuel_doored_altar,
          minmay_temple_entry_oklob, serial_shops, nicolae_shop_statue_plus

Skill      XL: |  1  2  3  4  5  6 |
---------------+-------------------+-----
Hexes          | 4 5 6 |  6.0
Spellcasting   | 3 4 5 |  5.0
Stealth        | 5 6 7 |  7.0
Short Blades   | 2 3 |  3.8
Dodging        | |  3.0

Action                   |  1- 3 |  4- 6 || total
-------------------------+-------+-------++-------
Melee: Dagger            |   103 |   740 ||   843
 Cast: Corona            |     6 |     2 ||     8
       Ensorcelled Hiber |    19 |    65 ||    84
Evoke: Wand              |       |     1 ||     1
  Use: Scroll            |     3 |     4 ||     7
 Stab: Sleeping          |    19 |    52 ||    71
       Distracted        |       |     1 ||     1
  Eat: Ration            |       |     4 ||     4
Armor: Robe              |     9 |     9 ||    18
Dodge: Dodged            |    70 |    64 ||   134

Table legend:
 A = Non-vault XP
 B = Vault XP
 C = Vault XP percentage of total XP
 D = Non-vault monster count
 E = Vault monster count
 F = Vault count percentage of total count
                 A         B        C        D         E       F
            +---------+---------+-------+---------+---------+-------
      Total |     536 |     195 |  26.7 |      76 |      31 |  29.0
            +---------+---------+-------+---------+---------+-------
        D:1 |      40 |       0 |   0.0 |      26 |       0 |   0.0
        D:2 |      95 |      67 |  41.4 |      13 |      10 |  43.5
        D:3 |      60 |       0 |   0.0 |      14 |       0 |   0.0
        D:4 |     341 |     128 |  27.3 |      23 |      21 |  47.7
            +---------+---------+-------+---------+---------+-------
